 Dungeon Crawl Stone Soup version 0.17-a0-1769-g54adf96 (webtiles) character file.

2734 TruthSerum the Basher (level 9, -1/97 HPs)
             Began as an Ogre Abyssal Knight on Sept 7, 2015.
             Was an Elder of Lugonu.
             Slain by an orc warrior
             ... wielding a +0 halberd
              (10 damage)
             ... on level 7 of the Dungeon.
             The game lasted 00:30:33 (5961 turns).

TruthSerum the Basher (Ogre Abyssal Knight)         Turns: 5961, Time: 00:30:33

Health: -1/97      AC: 11    Str: 21    XL:     9   Next: 67%
Magic:  13/13      EV:  8    Int: 11    God:    Lugonu [****..]
Gold:   363        SH:  0    Dex: 10    Spells: 0 memorised, 8 levels left

rFire  + + +     SeeInvis .     E - +0 giant spiked club
rCold  x . .     Clarity  .     p - +1 fire dragon armour
rNeg   . . .     SustAt   .     (no shield)
rPois  .         Gourm    .     (helmet restricted)
rElec  .         Spirit   .     (no cloak)
rCorr  .         Warding  .     (gloves unavailable)
rMut   .         Stasis   .     (boots unavailable)
MR     .....                    (no amulet)
Stlth  ..........               (no ring)
                                (no ring)

@: not resistant to hostile enchantments, extremely unstealthy
A: unfitting armour, fire resistance 1, tough skin 1
a: Depart the Abyss, Bend Space, Banish, Corrupt, Renounce Religion


You were on level 7 of the Dungeon.
You worshipped Lugonu.
Lugonu was greatly pleased with you.
You were not hungry.

You visited 1 branch of the dungeon, and saw 7 of its levels.
You visited the Abyss 1 time.
You also visited: Sewer.

You collected 363 gold pieces.

Inventory:

Hand weapons
 a - a +0 giant club
 E - a +0 giant spiked club (weapon)
Missiles
 n - 6 tomahawks (quivered)
 u - 5 silver tomahawks
Armour
 p - a +1 fire dragon armour (worn)
Jewellery
 s - an uncursed ring of fire
Magical devices
 D - a wand of flame (23)
Scrolls
 f - 5 scrolls of remove curse
 g - 2 scrolls of amnesia
 i - 4 scrolls of teleportation
 v - a scroll of magic mapping
 y - a scroll of fog
Potions
 b - a potion of flight
 d - 2 potions of resistance
 h - 3 potions of degeneration {unknown}
 j - 2 potions of curing
 o - a potion of brilliance {unknown}
 q - a potion of ambrosia {unknown}
 r - 2 potions of lignification {unknown}
 t - a potion of mutation {unknown}
 w - a potion of agility {unknown}
Books
 z - a book of Transfigurations

   Spells                             Type                      Level
   a - Stoneskin                      Transmutation/Earth          2
   b - Irradiate                      Conjuration/Transmutation    5
   c - Statue Form                    Transmutation/Earth          6
   d - Hydra Form                     Transmutation                6
   e - Dragon Form                    Transmutation                7
Comestibles
 c - 6 bread rations
 k - 4 meat rations
 m - 3 beef jerkies
 B - 6 chunks of flesh
 C - 2 slices of pizza


   Skills:
 + Level 8.7 Fighting
 * Level 9.8 Maces & Flails
 + Level 4.6 Armour
 - Level 3.7 Dodging
 + Level 6.6 Invocations


You had 8 spell levels left.
You didn't know any spells.

Dungeon Overview and Level Annotations

Branches:
Dungeon (7/15)             Temple (0/1) D:5

Altars:
Elyvilon
Fedhas
Gozag
Kikubaaqudgha
Okawaru
Qazlal
Ru
Trog
Vehumet
Xom


Innate Abilities, Weirdness & Mutations

You are too large for most types of armour.
You have tough skin (AC +1).
Your flesh is heat resistant.


Message History

You impale the orc!!
You kill the orc!
Lugonu accepts your kill.
The orc warrior hits you with a halberd!
* * * LOW HITPOINT WARNING * * *
You hit the orc warrior but do no damage.
The orc warrior is moderately wounded.
The orc warrior hits you with a halberd!
* * * LOW HITPOINT WARNING * * *
You hit the orc warrior but do no damage.
The orc warrior is moderately wounded.
The orc warrior hits you with a halberd!
* * * LOW HITPOINT WARNING * * *
You closely miss the orc warrior.
The orc warrior is moderately wounded.
The orc warrior hits you but does no damage.
You impale the orc warrior!!
The orc warrior is almost dead.
The orc warrior hits you with a halberd!
You die...

....#........##...........)....##
..#.#.........##.................
..#.#.....###.##.........#######.
..#'#.....###.#........#.##### #.
..............#........#.....###.
....)#........#........'.........
.....#........'...>...##.....###.
.....#........#................#.
.....#......#...@.......######.##
######......#.###o...... ...#.#
########.# #.(.########.#.# #.#
#..(...........## #.#
#...((.....#..... #.#
#......###.#...## ..#<.[#.#....##
#..##..#.####.# #........#..#.#


You could see an orc warrior.

Vanquished Creatures
  Pikel (D:7)
  Purgy (Sewer)
  2 ice beasts
  2 centaurs
  A sky beast (D:6)
  3 ogres
  2 big kobolds
  3 giant frogs
  A scorpion (D:7)
  A wyvern skeleton (D:6)
  9 wights (D:6)
  A crimson imp (D:5)
  A hound (D:4)
  A centaur zombie (D:6)
  3 orc priests
  2 iguanas
  An orc wizard (D:4)
  2 centaur skeletons
  2 giant frog skeletons
  3 worker ants
  A killer bee zombie (D:5)
  A hound skeleton (D:6)
  4 gnolls (D:5)
  A shadow imp (D:5)
  10 adders
  6 worms
  An adder skeleton (D:4)
  6 giant geckos
  11 orcs
  5 giant cockroaches
  2 goblins
  7 hobgoblins
  6 jackals
  6 quokkas
  3 ball pythons
  4 bats
  A giant gecko skeleton (D:4)
  2 giant newts
  A jackal skeleton (D:7)
  13 kobolds
  A quokka skeleton (D:2)
  11 rats
145 creatures vanquished.

Vanquished Creatures (others)
  A slave (D:7)
  A giant frog (D:7)
2 creatures vanquished.

Grand Total: 147 creatures vanquished

Notes
Turn   | Place    | Note
--------------------------------------------------------------
     0 | Abyss:1  | TruthSerum the Ogre Abyssal Knight began the quest for the Orb.
     0 | Abyss:1  | Reached XP level 1. HP: 24/24 MP: 2/2
     4 | Abyss:1  | Found a corrupted altar of Lugonu.
    49 | Abyss:1  | Noticed a neqoxec
    50 | D:1      | Escaped the Abyss
   267 | D:1      | Reached XP level 2. HP: 26/32 MP: 3/3
   862 | D:2      | Acquired Lugonu's first power
   907 | D:2      | Reached XP level 3. HP: 26/39 MP: 4/4
  1076 | D:2      | Found a shimmering altar of Xom.
  1147 | D:2      | Found a blossoming altar of Fedhas.
  1147 | D:2      | Found a sacrificial altar of Ru.
  1148 | D:2      | Found an opulent altar of Gozag.
  1310 | D:2      | Found an ancient bone altar of Kikubaaqudgha.
  1447 | D:2      | Reached skill level 1 in Armour
  1447 | D:2      | Reached XP level 4. HP: 25/49 MP: 5/5
  1730 | D:3      | Acquired Lugonu's second power
  2322 | D:3      | Reached XP level 5. HP: 48/55 MP: 7/7
  2716 | D:4      | Reached skill level 5 in Fighting
  2729 | D:4      | Reached XP level 6. HP: 20/66 MP: 8/8
  3127 | D:4      | Found a glowing drain.
  3128 | D:4      | Acquired Lugonu's third power
  3136 | Sewer    | Entered a sewer
  3162 | Sewer    | Noticed Purgy
  3181 | Sewer    | Killed Purgy
  3512 | Sewer    | Reached XP level 7. HP: 65/72 MP: 8/10
  3730 | D:5      | Entered Level 5 of the Dungeon
  3771 | D:5      | Reached skill level 5 in Maces & Flails
  3827 | D:5      | Found a staircase to the Ecumenical Temple.
  3858 | D:5      | Reached skill level 6 in Fighting
  4237 | D:5      | Reached XP level 8. HP: 50/84 MP: 11/11
  4487 | D:6      | Reached skill level 5 in Invocations
  4712 | D:6      | Reached skill level 7 in Fighting
  4833 | D:6      | Gained mutation: Your flesh is heat resistant. [potion of beneficial mutation]
  5056 | D:6      | Acquired Lugonu's fourth power
  5115 | D:6      | Reached skill level 8 in Maces & Flails
  5127 | D:6      | Found an iron altar of Okawaru.
  5137 | D:6      | Reached XP level 9. HP: 92/94 MP: 13/13
  5428 | D:6      | Found a radiant altar of Vehumet.
  5568 | D:7      | Found a stormy altar of Qazlal.
  5671 | D:7      | Noticed Pikel
  5678 | D:7      | Killed Pikel
  5678 | D:7      | Reached skill level 9 in Maces & Flails
  5758 | D:7      | Found a bloodstained altar of Trog.
  5758 | D:7      | Found a white marble altar of Elyvilon.
  5961 | D:7      | Slain by an orc warrior

Vault maps used:
D:1:      dpeg_arrival_solitude
D:2:      lemuel_doored_altar, nicolae_overflow_quartered_altars
D:3:      first_bread
D:4:      portal_sewer_entry_e, serial_park_tiny_pond
D:5:      minmay_temple_entry_overgrown
D:6:      lemuel_round_altar, lemuel_coloured_pillars_altar, st_stairs_9
D:7:      grunt_qazlal_sundering, gammafunk_temple_overflow_wave, uniq_pikel
Sewer:    kennysheep_door_sewer

Action                   |  1- 3 |  4- 6 |  7- 9 || total
-------------------------+-------+-------+-------++-------
Melee: Mace              |   106 |   135 |       ||   241
       Flail             |       |    90 |   152 ||   242
       Giant club        |       |       |    68 ||    68
       Giant spiked club |       |       |    20 ||    20
Throw: Tomahawk          |       |       |    37 ||    37
Invok: Depart the Abyss  |     1 |       |       ||     1
  Use: Scroll            |       |    11 |    10 ||    21
       Potion            |       |     1 |     1 ||     2
  Eat: Chunk             |     2 |     5 |     5 ||    12
       Meat ration       |       |     1 |       ||     1
